 Dungeon Crawl Stone Soup version 0.26-a0-224-g2964c8cf50 (webtiles) character file.

Game seed: 6302835981419069945

161 Esekla the Stinger (level 5, 0/38 HPs)
             Began as a Formicid Venom Mage on July 6, 2020.
             Succumbed to an orc priest's poison
             ... on level 3 of the Dungeon.
             The game lasted 00:22:21 (2557 turns).

Esekla the Stinger (Formicid Venom Mage)            Turns: 2557, Time: 00:22:21

Health: 0/38       AC:  3    Str: 11 (12) XL:     5   Next: 70%
Magic:  10/10      EV: 12    Int: 15 (16) God:
Gold:   124        SH:  0    Dex:  8 (11) Spells: 2/11 levels left

rFire    . . .     SeeInvis +   p - +0 falchion
rCold    + . .     Faith    .   (no shield)
rNeg     . . .     Spirit   .   a - +0 robe
rPois    .         Reflect  .   (helmet unavailable)
rElec    .         Harm     .   q - +0 cloak
rCorr    .                      (no gloves)
MR       .....                  (no boots)
Stlth    ++........             (no amulet)
HPRegen  0.12/turn              g - ring of teleportation (curse)
MPRegen  0.12/turn              s - ring of protection from cold

@: mighty, lethally poisoned (0 -> -10), stab
A: permanent stasis, dig shafts and tunnels, four strong arms, antennae 3
a: Dig, Shaft Self


You were on level 3 of the Dungeon.
You were not hungry.

You visited 1 branch of the dungeon, and saw 3 of its levels.

You collected 124 gold pieces.

Inventory:

Hand Weapons
 f - a +1 dagger of speed
 p - a +0 falchion (weapon)
Armour
 a - a +0 robe (worn)
 n - a cursed +0 kite shield
 q - a +0 cloak (worn)
Jewellery
 g - a cursed ring of teleportation (left hand)
 s - a ring of protection from cold (right hand)
Scrolls
 e - a scroll of immolation {unknown}
 i - 2 scrolls of identify {unknown}
 k - a scroll of enchant weapon {unknown}
 m - a scroll of remove curse {unknown}
Potions
 d - a potion of degeneration
 h - a potion of flight {unknown}
 j - a potion of cancellation {unknown}
 l - a potion of might
 o - a potion of stabbing
 r - a potion of mutation {unknown}
Comestibles
 c - 2 rations


   Skills:
 * Level 2.3 Fighting
 + Level 0.4 Short Blades
 + Level 1.9 Dodging
 + Level 2.8 Stealth
 * Level 3.5 Spellcasting
 * Level 1.1 Conjurations
 - Level 1.1 Transmutations
 * Level 1.0 Air Magic
 + Level 4.6 Poison Magic


You had 2 spell levels left.
You knew the following spells:

 Your Spells              Type           Power        Failure   Level
a - Sting                 Tmut/Pois      ##..         6%          1
b - Ignite Poison         Fire/Tmut/Pois #.......     26%         3
c - Mephitic Cloud        Conj/Pois/Air  #.......     22%         3
v - Poisonous Vapours     Pois/Air       ##....       9%          2

Your spell library contained the following spells:

 Spells                   Type           Power        Failure   Level
 Olgreb's Toxic Radiance  Pois           ###.....     28%         4


Dungeon Overview and Level Annotations

Branches:
Dungeon (3/15)

Altars:
Okawaru


Innate Abilities, Weirdness & Mutations

You cannot be hasted, slowed, berserked, paralysed or teleported.
You can dig through walls and to a lower floor.
Your four strong arms can wield two-handed weapons with a shield.
You have a pair of large antennae on your head. (SInv)


Message History

The orc priest hits you but does no damage.
You barely miss the orc priest.
The orc priest is severely wounded.
* * * LOW HITPOINT WARNING * * *
You feel sick.
The orc priest hits you with a +2 mace of venom.
* * * LOW HITPOINT WARNING * * *
You are more poisoned.
It was a potion of stabbing.
You feel ready to backstab.
* * * LOW HITPOINT WARNING * * *
You feel sick.
It was a potion of might.
You feel very mighty all of a sudden.
* * * LOW HITPOINT WARNING * * *
You feel sick. The orc priest closely misses you.
It was a potion of degeneration.
There was something very wrong with that liquid.
You feel weakened.
You feel dopey.
You feel clumsy.
You die...

##########
.........#
.........#
.........########+##
.........##........#
.........##........#
.........##......o.#
.........##.....@..#
.........##........#
.........##........#
.........##........#
.........########'##
#####'###.........#
#.###.#######.#
#.....# ### #######


You could see an orc priest.

Vanquished Creatures
  An orc priest (D:3)
  An orc wizard (D:3)
  3 adders (D:2)
  An ooze (D:2)
  3 worms
  2 dart slugs (D:2)
  A leopard gecko (D:1)
  4 orcs (D:3)
  3 bats
  2 giant cockroaches
  5 goblins
  7 hobgoblins
  3 jackals (D:1)
  6 kobolds
  2 frilled lizards
  11 rats
55 creatures vanquished.

Notes
Turn   | Place    | Note
-------+----------+-------------------------------------------
     0 | D:1      | Esekla the Formicid Venom Mage began the quest for the Orb.
     0 | D:1      | Reached XP level 1. HP: 13/13 MP: 3/3
   116 | D:1      | Reached XP level 2. HP: 15/19 MP: 0/5
   235 | D:1      | Learned a level 2 spell: Poisonous Vapours
   532 | D:1      | Reached XP level 3. HP: 25/25 MP: 7/7
   541 | D:1      | Learned a level 3 spell: Mephitic Cloud
  1003 | D:2      | Reached skill level 1 in Fighting
  1003 | D:2      | Reached XP level 4. HP: 29/32 MP: 3/8
  1799 | D:2      | Learned a level 3 spell: Ignite Poison
  1845 | D:3      | Reached skill level 1 in Conjurations
  1845 | D:3      | Reached XP level 5. HP: 6/38 MP: 0/10
  2048 | D:3      | Reached skill level 1 in Air Magic
  2210 | D:3      | Found an iron altar of Okawaru.
  2556 | D:3      | HP: 1/38 [poisoned by an orc priest]
  2557 | D:3      | Succumbed to an orc priest's poison

Illustrated notes

Levels and vault maps discovered:
D:1:      ebering_hopf_link, layout_basic, hangedman_decor_clover_reticule,
          minmay_close_crescents
D:2:      layout_basic, first_ration
D:3:      layout_basic, okawaru_metal_pillars_3

Skill      XL: |  1  2  3  4  5 |
---------------+----------------+-----
Spellcasting   | 3 |  3.5
Fighting       | 1 2 |  2.3
Conjurations   | 1 |  1.1
Air Magic      | 1 |  1.0
Short Blades   | |  0.4
Dodging        | |  1.9
Stealth        | |  2.8
Transmutations | |  1.1
Poison Magic   | |  4.6

Action                   |  1- 3 |  4- 6 || total
-------------------------+-------+-------++-------
Melee: Dagger            |    62 |    30 ||    92
       Falchion          |       |    15 ||    15
 Cast: Sting             |     6 |       ||     6
       Poisonous Vapours |    20 |    29 ||    49
  Use: Potion            |       |     6 ||     6
 Stab: Sleeping          |     4 |     1 ||     5
  Eat: Ration            |       |     2 ||     2
Armor: Robe              |     7 |     2 ||     9
Dodge: Dodged            |    35 |    13 ||    48
       Rpst.: Falchion   |       |     1 ||     1

Table legend:
 A = Non-vault XP
 B = Vault XP
 C = Vault XP percentage of total XP
 D = Non-vault monster count
 E = Vault monster count
 F = Vault count percentage of total count
                 A         B        C        D         E       F
            +---------+---------+-------+---------+---------+-------
      Total |     227 |       3 |   1.3 |      53 |       2 |   3.6
            +---------+---------+-------+---------+---------+-------
        D:1 |      31 |       3 |   8.8 |      19 |       2 |   9.5
        D:2 |      83 |       0 |   0.0 |      20 |       0 |   0.0
        D:3 |     113 |       0 |   0.0 |      14 |       0 |   0.0
            +---------+---------+-------+---------+---------+-------
